 Dungeon Crawl Stone Soup version 0.31.0-9-g3a7656b989 (webtiles) character file.

Game seed: 13644334029374319779

289 qw the Skirmisher (level 6, -5/35 HPs)
             Began as a Deep Elf Hunter on Feb 2, 2024.
             Slain by a hobgoblin (6 damage)
             ... led by Robin
             ... on level 3 of the Dungeon.
             The game lasted 00:00:29 (2425 turns).

qw the Skirmisher (Deep Elf Hunter)                 Turns: 2425, Time: 00:00:30

Health: -5/35      AC:  3    Str: 10    XL:     6   Next: 9%
Magic:  8/8        EV: 13    Int: 14    God:
Gold:   153        SH:  0    Dex: 18    Spells: 5/5 levels left

rFire   . . .        a - +0 shortbow
rCold   . . .        (shield currently unavailable)
rNeg    . . .        c - +0 leather armour
rPois   .            (no helmet)
rElec   .            (no cloak)
rCorr   .            (no gloves)
SInv    .            (no boots)
Will    .....        (no amulet)
Stlth   ++           (no ring)
HPRegen 0.25/turn    (no ring)
MPRegen 0.11/turn

%: no passive effects
@: no status effects
A: no striking features
a: no special abilities


You were on level 3 of the Dungeon.
You visited 1 branch of the dungeon, and saw 3 of its levels.

You collected 153 gold pieces.


   Skills:
 - Level 2.0 Fighting
 + Level 9.3 Ranged Weapons
 - Level 3.1 Dodging
 - Level 1.2 Stealth


You had 5 spell levels left.
You didn't know any spells.
Your spell library was empty.

Inventory:

Hand Weapons
 a - a +0 shortbow (weapon)
Armour
 c - a +0 leather armour (worn)
Jewellery
 j - an amulet of guardian spirit
Wands
 b - a wand of flame (12)
Scrolls
 f - 2 scrolls of identify {unknown}
 g - a scroll of enchant armour {unknown}
 h - 2 scrolls of amnesia {unknown}
 k - a scroll of blinking {unknown}
Potions
 d - 2 potions of curing
 e - a potion of might {unknown}
 i - a potion of haste {unknown}
 l - a potion of lignification {unknown}

Dungeon Overview and Level Annotations

Branches:
Dungeon (3/15)

Altars:


Message History

Robin throws the goblin at you!
You shoot an arrow. The arrow barely misses Robin.
The goblin hits you with a +0 dagger. The goblin hits you but does no damage.
You shoot an arrow. The arrow barely misses Robin.
The hobgoblin no longer looks unusually strong.
The goblin hits you with a +0 dagger. The hobgoblin hits you.
The goblin hits you with a +0 dagger.
You shoot an arrow. The arrow barely misses Robin.
The goblin closely misses you. The hobgoblin hits you.
Robin roars a battlecry!
The goblins go into a battle-frenzy!
The goblin misses you.
You shoot an arrow.
The arrow hits Robin but does no damage.
Robin is almost dead.
The hobgoblin barely misses you. The goblin closely misses you.
The goblin hits you with a +0 dagger.
You shoot an arrow.
The arrow hits Robin but does no damage.
Robin is almost dead.
The goblin hits you but does no damage. The hobgoblin misses you.
Robin barely misses you. The goblin misses you.
You shoot an arrow. The arrow hits Robin.
Robin is almost dead.
The goblin no longer looks unusually strong.
The goblin hits you with a +0 dagger. The hobgoblin hits you.
The goblin hits you with a +0 dagger.
Robin roars a battlecry!
The goblin goes into a battle-frenzy!
You shoot an arrow. The arrow hits Robin!
You kill Robin!
The goblin hits you but does no damage. x2
You shoot an arrow. The arrow closely misses the hobgoblin.
The goblin no longer looks unusually strong.
The goblin hits you with a +0 dagger. x2; The hobgoblin hits you.
You shoot an arrow. The arrow hits the goblin.
The goblin is severely wounded.
The goblin hits you with a +0 dagger. The goblin barely misses you.
The goblin hits you with a +0 dagger. The hobgoblin hits you.
You die...

#.# #.# #.# #.# #.#
#.# ..# #.# #.# ###
#.### #.# #.#.. #.#
###############.#.#
#.#
................#.#
#.#
#################g#
#.#
...............g@g#
#.#
##########.######g#
#<# ### ## ###


You could see a hobgoblin (strong) and 3 goblins.

Vanquished Creatures
  Sigmund (D:2)
  Robin (D:3)
  4 adders
  3 ribbon worms (D:3)
  3 dart slugs
  10 endoplasms
  7 giant cockroaches
  5 goblins
  2 hobgoblins
  2 jackals (D:3)
  3 quokkas (D:1)
  9 ball pythons
  8 bats
  3 frilled lizards
  3 kobolds
  5 rats
69 creatures vanquished.

Notes
Turn   | Place    | Note
-------+----------+-------------------------------------------
     0 | D:1      | qw the Deep Elf Hunter began the quest for the Orb.
     0 | D:1      | Reached XP level 1. HP: 12/12 MP: 3/3
     0 | D:1      | 0 ||| qw: Version: 0.3-a-155-g5e7d8dd
     0 | D:1      | 0 ||| qw: Game counter: 2879
     0 | D:1      | 0 ||| qw: Melee chars always use a shield: true
     0 | D:1      | 0 ||| qw: God list: Okawaru
     0 | D:1      | 0 ||| qw: Allow faded altars: false
     0 | D:1      | 0 ||| qw: Do Orc after clearing Dungeon:15 true
     0 | D:1      | 0 ||| qw: Do second Lair branch before Depths: true
     0 | D:1      | 0 ||| qw: Lair rune preference: random
     0 | D:1      | 0 ||| qw: Goals: Normal
     0 | D:1      | 0 ||| PLANNING D:1-11
   165 | D:1      | Reached XP level 2. HP: 16/16 MP: 4/4
   185 | D:1      | Reached skill level 6 in Ranged Weapons
   493 | D:1      | Reached XP level 3. HP: 20/20 MP: 5/5
   694 | D:1      | 694 ||| READING scroll labelled EDOGIH PERODEOWE.
   695 | D:1      | 695 ||| READING 2 scrolls labelled OROZAGE ZASEU.
   696 | D:1      | 696 ||| READING scroll labelled WOS HYMOERRIBI.
   697 | D:1      | 697 ||| READING scroll labelled YCIS ZAMIESM.
   698 | D:1      | 698 ||| DROPPING scroll of butterflies.
   699 | D:1      | 699 ||| DROPPING scroll of noise.
   770 | D:2      | 770 ||| FLEEEEING.
   771 | D:2      | 771 ||| FLEEEEING.
   910 | D:2      | Reached skill level 7 in Ranged Weapons
   963 | D:2      | Noticed Sigmund
   967 | D:2      | 967 ||| DRINKING cyan potion.
   973 | D:2      | HP: 1/20 [something (11)]
   976 | D:2      | Killed Sigmund
   977 | D:2      | Reached skill level 9 in Ranged Weapons
   977 | D:2      | Reached XP level 4. HP: 2/25 MP: 6/6
   977 | D:2      | Reached XP level 5. HP: 2/29 MP: 7/7
  1289 | D:2      | Found a faded altar of an unknown god.
  2035 | D:3      | Reached skill level 3 in Dodging
  2330 | D:3      | Reached XP level 6. HP: 21/35 MP: 8/8
  2403 | D:3      | Noticed Robin
  2422 | D:3      | HP: 8/35 [goblin/+0 dagger[Robin] (1)]
  2423 | D:3      | Killed Robin
  2425 | D:3      | HP: 2/35 [goblin/+0 dagger[Robin] (2)]
  2425 | D:3      | Slain by a hobgoblin

Levels and vault maps discovered:
D:1:      wander_arrival_lonely_grave, layout_loops_cross, grunt_decor_clamped
D:2:      layout_basic, shapermc_ecumenical_altar_gd, st_stairs_8, uniq_sigmund
D:3:      layout_basic, kennysheep_boxes, uniq_ijyb, uniq_robin

Skill      XL: |  1  2  3  4  5 |
---------------+----------------+-----
Ranged Weapons | 6 9 |  9.3
Dodging        | 3 |  3.1
Fighting       | 2 |  2.0
Stealth        | |  1.2

Action                     |  1- 3 |  4- 6 || total
---------------------------+-------+-------++-------
   Fire: Shortbow          |   100 |   103 ||   203
    Use: Scroll            |     4 |       ||     4
         Potion            |     1 |       ||     1
 Armour: Leather armour    |    16 |    30 ||    46
  Dodge: Dodged            |    21 |    26 ||    47

Table legend:
 A = Non-vault XP
 B = Vault XP
 C = Vault XP percentage of total XP
 D = Non-vault monster count
 E = Vault monster count
 F = Vault count percentage of total count
                 A         B        C        D         E       F
            +---------+---------+-------+---------+---------+-------
      Total |     163 |     250 |  60.5 |      62 |       7 |  10.1
            +---------+---------+-------+---------+---------+-------
        D:1 |      51 |       0 |   0.0 |      31 |       0 |   0.0
        D:2 |      32 |     229 |  87.7 |      11 |       3 |  21.4
        D:3 |      80 |      21 |  20.8 |      20 |       4 |  16.7
            +---------+---------+-------+---------+---------+-------
